 Dungeon Crawl Stone Soup version 0.31.0-11-ge490571c62 (webtiles) character file.

Game seed: 5862020678491774835

1130 qw the Skirmisher (level 8, -3/40 HPs)
             Began as a Spriggan Hunter on Feb 4, 2024.
             Incinerated by a bombardier beetle (4 damage)
             ... with a burning spray
             ... on level 5 of the Dungeon.
             The game lasted 00:00:14 (3300 turns).

qw the Skirmisher (Spriggan Hunter)                 Turns: 3300, Time: 00:00:15

Health: -3/40      AC:  6    Str:  7    XL:     8   Next: 13%
Magic:  9/9        EV: 23    Int: 10    God:
Gold:   228        SH:  0    Dex: 21    Spells: 7/7 levels left

rFire   . . .        d - +3 hand cannon (freeze)
rCold   . . .        (no shield)
rNeg    . . .        c - +0 robe
rPois   .            (helmet restricted)
rElec   .            (no cloak)
rCorr   .            (gloves unavailable)
SInv    +            (boots unavailable)
Will    +....        (no amulet)
Stlth   +            i - +4 ring of protection
HPRegen 0.26/turn    (no ring)
MPRegen 0.11/turn

%: no passive effects
@: on fire, glowing, very quick
A: very small, no large weapons, unfitting armour, see invisible, speed 3
a: no special abilities


You were on level 5 of the Dungeon.
You visited 1 branch of the dungeon, and saw 5 of its levels.

You collected 228 gold pieces.


Innate Abilities, Weirdness & Mutations

You are very small and have problems with some larger weapons.
You are too small for most types of armour.
You have supernaturally acute eyesight. (SInv)
You cover ground extremely quickly. (Speed+++)


   Skills:
 - Level 3.3 Fighting
 - Level 8.1 Ranged Weapons
 + Level 7.6 Dodging
 - Level 1.5 Stealth


You had 7 spell levels left.
You didn't know any spells.
Your spell library was empty.

Inventory:

Hand Weapons
 d - a +3 hand cannon of freezing (weapon)
Armour
 c - a +0 robe (worn)
Jewellery
 i - a +4 ring of protection (left hand)
Wands
 h - a wand of flame (13)
Scrolls
 b - 2 scrolls of teleportation
 e - a scroll of identify
Potions
 a - a potion of might
 f - a potion of cancellation
 g - a potion of enlightenment {unknown}

Dungeon Overview and Level Annotations

Branches:
Dungeon (5/15)             Temple (0/1) D:5

Altars:
Kikubaaqudgha
Ru
Uskayaw


Message History

Your Ranged Weapons skill increases to level 8!
You have reached level 8!
Found a scroll labelled ZUITRUKYID.
Things that are here:
a +0 flail; a gnoll corpse You shoot a bolt.
The bolt hits the bombardier beetle.
The bolt freezes the bombardier beetle.
The bombardier beetle is lightly wounded.
You shoot a bolt. The bolt hits the bombardier beetle.
The bolt freezes the bombardier beetle.
The bombardier beetle is moderately wounded.
You hear the slow rusting of a drain very nearby.
The bombardier beetle sprays incendiary fluid at you.
The burning spray hits you.
You are covered in liquid fire!
You shoot a bolt. The bolt hits the bombardier beetle!
The bolt freezes the bombardier beetle.
You kill the bombardier beetle!
The liquid fire burns you!
You are on fire!
The liquid fire burns you!
You are on fire!
The liquid fire burns you!
You are on fire!
The liquid fire burns you!
You are on fire!
The liquid fire burns you!
You are on fire!
The liquid fire burns you!
You are on fire!
The liquid fire burns you!
You are on fire!
The liquid fire burns you!
You are on fire!
The liquid fire burns you!
You are on fire!
The liquid fire burns you!
You are on fire!
The liquid fire burns you!
You die...

#.<..........## ...
.......##..#..####.####
.......##..............
.......##.##..#....#
.##.......###...#### .
....#####.. ###.).#
##.. ..[.
..#.##..#.#....# ##..
.......)....####
......###@.......
.#####...###....
...)### .... .....) #.#
..#.. ..... .... ..?.


There were no monsters in sight!

Vanquished Creatures
  Grinder (D:5)
  Eustachio (D:4)
  Menkaure (D:5)
  A water moccasin (D:5)
  An ogre (D:4)
  A phantom (D:5)
  A gnoll sergeant (D:5)
  A bombardier beetle (D:5)
  2 orc priests (D:5)
  A jelly (D:4)
  Ijyb (D:4)
  An iguana (D:4)
  5 adders
  7 gnolls
  A ribbon worm (D:2)
  A dart slug (D:1)
  11 orcs
  7 ball pythons
  9 endoplasms
  3 giant cockroaches
  4 goblins
  12 hobgoblins
  3 jackals (D:4)
  7 kobolds
  4 quokkas
  3 bats
  5 frilled lizards
  8 rats
103 creatures vanquished.

Notes
Turn   | Place    | Note
-------+----------+-------------------------------------------
     0 | D:1      | qw the Spriggan Hunter began the quest for the Orb.
     0 | D:1      | Reached XP level 1. HP: 10/10 MP: 2/2
     0 | D:1      | 0 ||| qw: Version: 0.3-a-160-g6735b56
     0 | D:1      | 0 ||| qw: Game counter: 6118
     0 | D:1      | 0 ||| qw: Melee chars always use a shield: true
     0 | D:1      | 0 ||| qw: God list: Okawaru
     0 | D:1      | 0 ||| qw: Allow faded altars: false
     0 | D:1      | 0 ||| qw: Do Orc after clearing Dungeon:15 true
     0 | D:1      | 0 ||| qw: Do second Lair branch before Depths: true
     0 | D:1      | 0 ||| qw: Lair rune preference: random
     0 | D:1      | 0 ||| qw: Goals: Normal
     0 | D:1      | 0 ||| PLANNING D:1-11
    15 | D:1      | Reached skill level 3 in Dodging
    45 | D:1      | Found a faded altar of an unknown god.
   200 | D:1      | Reached XP level 2. HP: 14/14 MP: 3/3
   475 | D:1      | 475 ||| READING scroll labelled GAKHANW YREKHO.
   476 | D:1      | 476 ||| READING scroll labelled QIGATA PANNA.
   481 | D:1      | 481 ||| READING scroll labelled NUM TEIMI ICOIDGH.
   482 | D:1      | 482 ||| READING scroll labelled LONTEA KEOV.
   482 | D:1      | Identified a scroll of acquirement
   482 | D:1      | 482 ||| ACQUIRING +1 hand cannon of freezing
   482 | D:1      | Acquired a +1 hand cannon of freezing
   484 | D:1      | 484 ||| SWAPPING to +1 hand cannon of freezing.
   485 | D:1      | 485 ||| DROPPING +0 shortbow.
   486 | D:1      | 486 ||| READING scroll labelled RAGEEPL GYIPS.
   487 | D:1      | 487 ||| READING scroll labelled OKEEBR LOIGIWN.
   487 | D:1      | 487 ||| IDENTIFYING inky potion
   488 | D:1      | 488 ||| READING scroll labelled AKHOIFR VAIROI.
   488 | D:1      | 488 ||| ENCHANTING +1 hand cannon of freezing.
   489 | D:1      | 489 ||| DROPPING scroll of butterflies.
   490 | D:1      | 490 ||| DROPPING potion of lignification.
   505 | D:2      | 505 ||| STAIRDANCE
   532 | D:2      | 532 ||| STAIRDANCE
   539 | D:1      | Reached XP level 3. HP: 16/18 MP: 4/4
  1262 | D:2      | 1262 ||| READING scroll labelled NAISATRAUT.
  1513 | D:3      | Reached skill level 5 in Ranged Weapons
  1515 | D:3      | Reached XP level 4. HP: 22/22 MP: 5/5
  1672 | D:3      | Found an ancient bone altar of Kikubaaqudgha.
  1744 | D:3      | 1744 ||| UPGRADING to +4 ring of protection.
  1745 | D:3      | 1745 ||| READING scroll of identify.
  1745 | D:3      | 1745 ||| IDENTIFYING amethyst potion
  1746 | D:3      | 1746 ||| READING 2 scrolls labelled SIR FYASESEQ.
  1747 | D:3      | 1747 ||| DRINKING 2 bubbling red potions.
  1748 | D:3      | 1748 ||| DROPPING scroll of poison.
  1750 | D:3      | 1750 ||| Stepping ~*~*~tactically~*~*~ (cloud).
  1751 | D:3      | 1751 ||| DRINKING potion of curing.
  1751 | D:3      | 1751 ||| (to cure poison)
  1753 | D:3      | 1753 ||| Stepping ~*~*~tactically~*~*~ (cloud).
  1846 | D:4      | Noticed Ijyb
  1854 | D:4      | Killed Ijyb
  1855 | D:4      | 1855 ||| FLEEEEING.
  1856 | D:4      | 1856 ||| STAIRDANCE
  1890 | D:4      | 1890 ||| STAIRDANCE
  1896 | D:4      | Noticed Eustachio
  1897 | D:4      | 1897 ||| RETREEEEATING.
  1901 | D:4      | Reached XP level 5. HP: 26/26 MP: 6/6
  1906 | D:4      | Killed Eustachio
  1907 | D:4      | Reached skill level 3 in Fighting
  1907 | D:4      | Reached XP level 6. HP: 23/32 MP: 7/7
  2158 | D:4      | 2158 ||| READING scroll of identify.
  2158 | D:4      | 2158 ||| IDENTIFYING metallic sapphire potion
  2159 | D:4      | 2159 ||| DRINKING 2 fuming amethyst potions.
  2492 | D:4      | 2492 ||| READING scroll of enchant weapon.
  2492 | D:4      | 2492 ||| ENCHANTING +2 hand cannon of freezing.
  2627 | D:4      | 2627 ||| READING scroll labelled SANUEX QAEGUH.
  2649 | D:3      | Found a sacrificial altar of Ru.
  2704 | D:4      | Reached skill level 6 in Ranged Weapons
  2998 | D:4      | 2998 ||| DRINKING 2 metallic pink potions.
  2999 | D:4      | 2999 ||| DROPPING potion of degeneration.
  3009 | D:5      | Entered Level 5 of the Dungeon
  3010 | D:5      | 3010 ||| PLANNING SEWER
  3043 | D:5      | Reached skill level 6 in Dodging
  3050 | D:5      | Noticed a +0 hand axe
  3051 | D:5      | Found a hide-covered altar of Uskayaw.
  3051 | D:5      | Noticed a +0 hand axe
  3072 | D:5      | Reached XP level 7. HP: 23/36 MP: 8/8
  3175 | D:5      | Found a staircase to the Ecumenical Temple.
  3194 | D:5      | Noticed Grinder
  3195 | D:5      | 3195 ||| DRINKING potion of haste.
  3200 | D:5      | Killed Grinder
  3201 | D:5      | Reached skill level 7 in Ranged Weapons
  3279 | D:5      | Noticed Menkaure
  3280 | D:5      | 3280 ||| RETREEEEATING.
  3286 | D:5      | Killed Menkaure
  3287 | D:5      | Reached skill level 8 in Ranged Weapons
  3287 | D:5      | Reached XP level 8. HP: 40/40 MP: 9/9
  3297 | D:5      | HP: 8/40 [burnt (4)]
  3299 | D:5      | HP: 1/40 [burnt (3)]
  3300 | D:5      | Incinerated by a bombardier beetle

Levels and vault maps discovered:
D:1:      reono_arrival_mine, layout_rooms, chequers_ecumenical_altar_grove
D:2:      layout_basic
D:3:      kennysheep_big_flooded_room, layout_rooms,
          nicolae_overflow_hidden_temple, kiku_gazebo_pond_becter
D:4:      layout_basic, grunt_ministairs_15, uniq_eustachio, uniq_ijyb
D:5:      layout_rooms, dancing_weapons_uskayaw, temple_pool_b,
          portal_sewer_entry_d, uniq_grinder, uniq_menkaure

Skill      XL: |  1  2  3  4  5  6  7 |
---------------+----------------------+-----
Dodging        | 3 4 5 6 7 |  7.6
Ranged Weapons | 5 6 8 |  8.1
Fighting       | 3 |  3.3
Stealth        | |  1.5

Action                     |  1- 3 |  4- 6 |  7- 9 || total
---------------------------+-------+-------+-------++-------
   Fire: Shortbow          |    38 |       |       ||    38
         Hand cannon       |    51 |    83 |    22 ||   156
    Use: Scroll            |     8 |     5 |       ||    13
         Potion            |       |     4 |     1 ||     5
 Armour: Robe              |     6 |    12 |     1 ||    19
  Dodge: Dodged            |    28 |    25 |     3 ||    56

Table legend:
 A = Non-vault XP
 B = Vault XP
 C = Vault XP percentage of total XP
 D = Non-vault monster count
 E = Vault monster count
 F = Vault count percentage of total count
                 A         B        C        D         E       F
            +---------+---------+-------+---------+---------+-------
      Total |     933 |     682 |  42.2 |      95 |       8 |   7.8
            +---------+---------+-------+---------+---------+-------
        D:1 |      36 |       0 |   0.0 |      21 |       0 |   0.0
        D:2 |      32 |       0 |   0.0 |      17 |       0 |   0.0
        D:3 |      77 |       2 |   2.5 |      17 |       2 |  10.5
        D:4 |     261 |     253 |  49.2 |      24 |       4 |  14.3
        D:5 |     527 |     427 |  44.8 |      16 |       2 |  11.1
            +---------+---------+-------+---------+---------+-------
